 Dungeon Crawl Stone Soup version 0.29.0-11-gd7f09526c8 (webtiles) character file.

Game seed: 3087325733378193682

324 NinjaNoafa the Cleaver (level 6, -5/47 HPs)
             Began as a Gnoll Wanderer on Sept 4, 2022.
             Slain by Pikel
             ... wielding a +0 whip of freezing
              (7 damage)
             ... on level 4 of the Dungeon.
             The game lasted 00:08:39 (2746 turns).

NinjaNoafa the Cleaver (Gnoll Wanderer)             Turns: 2746, Time: 00:08:39

Health: -5/47      AC:  8    Str: 10 (12) XL:     6   Next: 48%
Magic:  9/9        EV: 11    Int:  8 (11) God:
Gold:   162        SH: 11    Dex: 17 (19) Spells: 9/9 levels left

rFire   . . .      SeeInvis +   a - +2 hand axe
rCold   . . .      Faith    .   c - +0 buckler
rNeg    + . .      Spirit   .   i - +0 leather armour
rPois   +          Reflect  +   v - +0 helmet
rElec   +          Harm     +   (no cloak)
rCorr   .          Rampage  .   k - +1 pair of gloves
Will    .....                   (no boots)
Stlth   ++........              u - amulet "Wiuxergh" {Reflect Harm rElec rN+ Dex+6 SH+5}
HPRegen 0.15/turn               e - ring of poison resistance
MPRegen 0.11/turn               t - ring of see invisible

@: no status effects
A: fangs 1, strong nose, distributed training, iridescent scales 1,
deterioration 1
a: no special abilities


You were on level 4 of the Dungeon.
You visited 1 branch of the dungeon, and saw 4 of its levels.

You collected 162 gold pieces.

Inventory:

Hand Weapons
 a - a +2 hand axe (weapon)
Missiles
 f - 26 stones (quivered)
 y - 3 boomerangs
Armour
 c - a +0 buckler (worn)
 i - a +0 leather armour (worn)
 k - a +1 pair of gloves (worn)
 v - a +0 helmet (worn)
Jewellery
 e - a ring of poison resistance (left hand)
 t - a ring of see invisible (right hand)
 u - the amulet "Wiuxergh" (around neck) {Reflect Harm rElec rN+ Dex+6 SH+5}
   (You found it on level 2 of the Dungeon)

   [amulet of reflection]

   It reflects blocked missile attacks.
   Dex:       It affects your dexterity (+6).
   rElec:     It insulates you from electricity.
   rN:        It protects you from negative energy.
   SH:        It affects your SH (+5).
   Harm:      It increases damage dealt and taken.
Wands
 z - a wand of charming (4)
Scrolls
 b - 3 scrolls of teleportation
 h - 2 scrolls of silence
 m - a scroll of amnesia {unknown}
 p - a scroll of magic mapping
 r - a scroll of fear
 x - a scroll of blinking {unknown}
Potions
 d - a potion of invisibility
 q - a potion of might
 s - a potion of cancellation
 w - 2 potions of brilliance {unknown}


   Skills:
 + Level 3.3 Fighting
 + Level 2.1 Short Blades
 + Level 2.1 Long Blades
 + Level 8.8 Axes
 + Level 2.1 Maces & Flails
 + Level 2.1 Polearms
 + Level 2.1 Staves
 + Level 2.1 Ranged Weapons
 + Level 2.1 Throwing
 + Level 3.3 Armour
 + Level 2.1 Dodging
 + Level 3.1 Stealth
 + Level 5.0 Shields
 + Level 2.1 Unarmed Combat
 + Level 2.1 Spellcasting
 + Level 1.6 Conjurations
 + Level 1.6 Hexes
 + Level 1.6 Summonings
 + Level 1.6 Necromancy
 + Level 1.6 Translocations
 + Level 1.6 Transmutations
 + Level 1.6 Fire Magic
 + Level 1.6 Ice Magic
 + Level 1.6 Air Magic
 + Level 1.6 Earth Magic
 + Level 1.6 Poison Magic
 + Level 2.3 Invocations
 + Level 3.3 Evocations


You had 9 spell levels left.
You didn't know any spells.
Your spell library contained the following spells:

 Spells                   Type           Power      Damage    Failure   Level
 Apportation              Tloc           6%         N/A       30%         1
 Ensorcelled Hibernation  Hex/Ice        6%         N/A       43%         2
 Passwall                 Tmut/Erth      2%         N/A       43%         2
 Swiftness                Air            3%         N/A       67%         3
 Alistair's Intoxication  Tmut/Pois      2%         N/A       100%        5


Dungeon Overview and Level Annotations

Branches:
Dungeon (4/15)
 Temple: D:4-7

Altars:
Qazlal

Annotations:
D:4 Pikel


Innate Abilities, Weirdness & Mutations

You have very sharp teeth.
Your uncanny sense of smell can sniff out nearby items.
Your experience applies equally to all skills.
You are partially covered in iridescent scales. (AC +2)
Your body sometimes deteriorates upon taking damage.


Message History

You hit Pikel but do no damage.
Pikel is moderately wounded.
Pikel hits you with a +0 whip of freezing.
Pikel freezes you.
You hit Pikel.
Pikel is heavily wounded.
Pikel hits you with a +0 whip of freezing.
Pikel freezes you.
It was a potion of resistance.
You feel protected. You block Pikel's attack.
It was a potion of flight.
You feel very buoyant.
You fly up into the air.
Pikel closely misses you.
It was a potion of mutation.
You feel extremely strange.
Iridescent scales grow over part of your body.
You feel yourself wasting away.
Pikel hits you with a +0 whip of freezing.
It was a potion of magic.
Magic courses through your body. Pikel hits you but does no damage.
It was a potion of degeneration.
There was something very wrong with that liquid.
You feel weakened.
You feel dopey.
You feel clumsy. You block Pikel's attack.
It was a potion of might.
You feel very mighty all of a sudden.
Pikel hits you with a +0 whip of freezing.
You hit Pikel.
Pikel is heavily wounded.
Pikel hits you with a +0 whip of freezing!
* * * LOW HITPOINT WARNING * * *
Your body deteriorates!
You feel clumsy. Pikel freezes you.
* * * LOW HITPOINT WARNING * * *
It was a potion of cancellation.
Your magical effects are unravelling.
You feel magically purged.
You float gracefully downwards.
You feel a little less mighty now.
Your resistance to elements expires.
Pikel hits you with a +0 whip of freezing.
You die...

∆..5.. ..K..########
#. ..../....# ..
#.......# .
#.......#
#.#.......# ∆
+####.#.......# ##
..$...K.......+ .
#@$.....# #
#.......# #####
#....$..######....
#...[.............
#.................
..?..#....!........
##....#............)
#....#.............
#..$.#..$..........


You could see Pikel.

Vanquished Creatures
  Menkaure (D:4)
  A hound (D:4)
  An iguana (D:4)
  An orc wizard (D:3)
  Robin (D:2)
  5 adders
  A worm (D:2)
  5 orcs (D:3)
  10 bats
  2 endoplasms (D:1)
  2 giant cockroaches
  12 goblins
  5 hobgoblins
  3 jackals (D:3)
  A quokka (D:3)
  4 ball pythons
  2 frilled lizards
  4 kobolds
  5 rats
66 creatures vanquished.

Notes
Turn   | Place    | Note
-------+----------+-------------------------------------------
     0 | D:1      | NinjaNoafa the Gnoll Wanderer began the quest for the Orb.
     0 | D:1      | NinjaNoafa set off with the following items: a +2 hand axe,
                  | a scroll of teleportation, a +0 buckler, a potion of
                  | invisibility, a +0 leather armour.
     0 | D:1      | Reached XP level 1. HP: 17/17 MP: 1/1
   401 | D:1      | Reached XP level 2. HP: 23/23 MP: 2/2
  1238 | D:2      | Reached XP level 3. HP: 28/28 MP: 3/3
  1395 | D:2      | Identified the amulet "Wiuxergh" {Reflect Harm rElec rN+
                  | Dex+6 SH+5}
  1511 | D:2      | Reached skill level 1 in Invocations
  1540 | D:2      | Reached skill level 1 in Short Blades
  1540 | D:2      | Reached skill level 1 in Long Blades
  1540 | D:2      | Reached skill level 1 in Maces & Flails
  1540 | D:2      | Reached skill level 1 in Polearms
  1540 | D:2      | Reached skill level 1 in Staves
  1540 | D:2      | Reached skill level 1 in Ranged Weapons
  1540 | D:2      | Reached skill level 1 in Throwing
  1540 | D:2      | Reached skill level 1 in Dodging
  1540 | D:2      | Reached skill level 1 in Unarmed Combat
  1540 | D:2      | Reached skill level 1 in Spellcasting
  1548 | D:2      | Reached XP level 4. HP: 34/34 MP: 5/5
  1566 | D:2      | Noticed Robin
  1583 | D:2      | Killed Robin
  1584 | D:2      | Reached skill level 1 in Conjurations
  1584 | D:2      | Reached skill level 1 in Hexes
  1584 | D:2      | Reached skill level 1 in Summonings
  1584 | D:2      | Reached skill level 1 in Necromancy
  1584 | D:2      | Reached skill level 1 in Translocations
  1584 | D:2      | Reached skill level 1 in Transmutations
  1584 | D:2      | Reached skill level 1 in Fire Magic
  1584 | D:2      | Reached skill level 1 in Ice Magic
  1584 | D:2      | Reached skill level 1 in Air Magic
  1584 | D:2      | Reached skill level 1 in Earth Magic
  1584 | D:2      | Reached skill level 1 in Poison Magic
  2190 | D:3      | Reached XP level 5. HP: 34/40 MP: 7/7
  2262 | D:3      | Found a faded altar of an unknown god.
  2284 | D:3      | Found a stormy altar of Qazlal.
  2630 | D:4      | Noticed Menkaure
  2638 | D:4      | Killed Menkaure
  2639 | D:4      | Reached skill level 5 in Shields
  2639 | D:4      | Reached XP level 6. HP: 47/47 MP: 7/9
  2698 | D:4      | Noticed Pikel
  2741 | D:4      | Gained mutation: You are partially covered in iridescent
                  | scales. (AC +2) [potion of mutation]
  2741 | D:4      | Gained mutation: Your body sometimes deteriorates upon
                  | taking damage. [potion of mutation]
  2745 | D:4      | HP: 2/47 [Pikel/+0 whip of freezing (1)]
  2746 | D:4      | Slain by Pikel

Illustrated notes

Levels and vault maps discovered:
D:1:      giann_wishing_wells, layout_basic
D:2:      layout_basic, uniq_robin
D:3:      layout_loops_ring, mainiacjoe_overflow_catwalk, basic_ecumenical_altar
D:4:      layout_basic, nicolae_overflow_hidden_temple, minmay_misc_feat_chi,
          uniq_pikel, uniq_menkaure, uniq_edmund

Skill      XL: |  1  2  3  4  5 |
---------------+----------------+-----
Invocations    | 1 2 |  2.3
Short Blades   | 1 2 |  2.1
Long Blades    | 1 2 |  2.1
Maces & Flails | 1 2 |  2.1
Polearms       | 1 2 |  2.1
Staves         | 1 2 |  2.1
Ranged Weapons | 1 2 |  2.1
Throwing       | 1 2 |  2.1
Dodging        | 1 2 |  2.1
Unarmed Combat | 1 2 |  2.1
Spellcasting   | 1 2 |  2.1
Conjurations   | 1 |  1.6
Hexes          | 1 |  1.6
Summonings     | 1 |  1.6
Necromancy     | 1 |  1.6
Translocations | 1 |  1.6
Transmutations | 1 |  1.6
Fire Magic     | 1 |  1.6
Ice Magic      | 1 |  1.6
Air Magic      | 1 |  1.6
Earth Magic    | 1 |  1.6
Poison Magic   | 1 |  1.6
Fighting       | 3 |  3.3
Armour         | 3 |  3.3
Evocations     | 3 |  3.3
Stealth        | 3 |  3.1
Shields        | 5 |  5.0
Axes           | |  8.8

Action                   |  1- 3 |  4- 6 || total
-------------------------+-------+-------++-------
Melee: Hand axe          |    62 |   100 ||   162
       Bite              |     5 |    10 ||    15
Throw: Stone             |       |     2 ||     2
Evoke: Wand              |       |     1 ||     1
  Use: Scroll            |       |     3 ||     3
       Potion            |       |     7 ||     7
 Stab: Sleeping          |     2 |     5 ||     7
Armor: Leather armour    |    19 |    22 ||    41
       Chain mail        |     3 |       ||     3
Dodge: Dodged            |    26 |    32 ||    58
Block: Buckler           |    25 |    46 ||    71
       Reflection        |       |     4 ||     4
